Zazza, lawful female dwarven Archeologist -------- |......| |.)<...| |......| |......| |......| -|------ #####k@# # ## -----.---- |>.......| .........| |........| ---------- Zazza the Digger Experience level: 1 Strength: 13 Dexterity: 9 Constitution: 13 Intelligence: 16 Wisdom: 16 Charisma: 10 Health: 0(17) Energy: 2(2) Def: 8 Gold: 76 Moves: 2731 Dungeon seed: 6byLmjivkk_4YZO_ Game ID: Zazza_1622056315 Your Inventory: Coins $ - 76 gold pieces Weapons Y - a +0 silver saber (weapon in hand) Armor e - an uncursed +0 leather jacket (being worn) r - an uncursed +0 orcish helm (being worn) y - an uncursed +0 pair of elven boots (being worn) Comestibles X - 2 uncursed lembas wafers Wands U - a wand of light (0:7) Tools c - a +0 pick-axe f - an uncursed sack g - a magic marker (0:90) z - an uncursed bag of holding W - an uncursed bag of holding Gems n - an uncursed amethyst stone q - an uncursed touchstone Contents of the bag of holding: 381 gold pieces a +0 orcish dagger 7 uncursed food rations an uncursed fortune cookie an uncursed lembas wafer 2 uncursed pancakes an uncursed tripe ration an uncursed scroll of blank paper a cursed scroll of charging an uncursed scroll of destroy armor an uncursed scroll of genocide an uncursed scroll of teleportation an uncursed spellbook of cure blindness an uncursed potion of confusion an uncursed potion of enlightenment an uncursed potion of fruit juice a cursed potion of fruit juice an uncursed potion of levitation an uncursed potion of object detection an uncursed potion of paralysis an uncursed potion of see invisible an uncursed potion of water an uncursed ring of free action an uncursed lock pick a tinning kit (0:46) Spells and supernatural/magical abilities: Name Level Category Fail Memory W - pray for help -- divine ? -- Your skills at the end: Fighting Skills Weapon Skills pick-axe [Basic] whip [Basic] Spellcasting Skills Final Attributes: You were devoutly aligned. You had infravision. You were stealthy. You were protected. You were fast. You were lucky. You are dead. Vanquished creatures: 2 coyotes a large kobold 2 giant rats a cave spider a gecko 3 jackals 3 foxes 2 kobolds 5 goblins 3 sewer rats a grid bug 2 bats 3 lichens a kobold zombie 4 newts 34 creatures vanquished. Voluntary challenges: You used a wielded weapon 4 times, starting on turn 2671. You had been a pacifist until turn 2673. You read items or engraved 24 times, starting on turn 2006. You never genocided any monsters. You never polymorphed an object. You never changed form. You used no wishes. You never split a pudding. You wrote Elbereth's name 18 times, starting on turn 2006. You never violated your personal moral code. Dungeon overview: The Dungeons of Doom: levels 1 to 6 Level 1 a long staircase Level 2 a general store, a sink Level 3 a fountain Level 4 stairs to The Gnomish Mines Level 5 <- You were here Level 6 The Gnomish Mines: levels 5 to 8 Level 5 stairs to The Dungeons of Doom Level 6 Level 7 a general store, a temple to Huhetotl, a fountain Level 8 History has recorded: On T:1 you entered the Dungeons of Doom to retrieve the Amulet of Yendor! On T:34 you reached level 2 of The Dungeons of Doom. On T:628 you reached level 3 of The Dungeons of Doom. On T:891 you reached level 4 of The Dungeons of Doom. On T:1009 you reached level 5 of The Dungeons of Doom. On T:1296 you reached level 1 of The Gnomish Mines. On T:1979 you reached level 2 of The Gnomish Mines. On T:1982 you reached level 4 of The Gnomish Mines. On T:2029 you reached level 3 of The Gnomish Mines. On T:2634 you reached level 6 of The Dungeons of Doom. Score breakdown: Gold: 457 ( 9051 points) Experience: 1 level ( 0 points) Exploration: 8 levels ( 16.00%) (11338 points) Discoveries: 12 items ( 4.11%) ( 6081 points) Valuables value: (no points given unless you survive) Artifact value: 0 ( 0 points) Variety of kills: 15 monsters ( 3.94%) ( 5952 points) Turncount: 2731 turns ( -461 points) Survival: died (score multiplied by 80%) Total score: 25568 Latest messages: The sewer rat misses. You miss the sewer rat. The sewer rat bites! You kill the sewer rat! You are beginning to feel hungry. The door resists! (3x) The door opens. You stop running. You miss the kobold lord. You hit the kobold lord. The kobold lord hits! You miss the kobold lord. (2x) You hit the kobold lord. The kobold lord hits! You begin praying to Quetzalcoatl. The kobold lord hits! You die... The sack is empty. The bag of holding is empty. The sack is empty. The bag of holding is empty. Final status: Goodbye Zazza the Archeologist, killed by a kobold lord, while praying... You died in The Dungeons of Doom on dungeon level 5 with 25568 points, and 457 pieces of gold, after 2731 moves. You were level 1 with a maximum of 17 hit points when you died.